 Dungeon Sprint DCSS version 0.30.1-11-g7821555f0a (webtiles) character file.

Game seed: 11968063447836150788

1976 Groucho the Protected (level 9, -4/85 (89) HPs)
             Began as a Minotaur Fighter on Nov 22, 2023.
             Was the Champion of Cheibriados.
             Slain by a freezing wraith (11 damage)
             ... in the Dungeon (Sprint VII: "The Pits").
             The game lasted 00:03:28 (1527 turns).

Groucho the Protected (Minotaur Fighter)            Turns: 1527, Time: 00:03:28

HP:   -4/85 (89)    AC: 14    Str: 35    XL:     9   Next: 0%
MP:   8/14          EV: 10    Int: 23    God:    Cheibriados [******]
Gold: 0             SH:  9    Dex: 33    Spells: 8/8 levels left

rFire   . . .        r - +2 war axe (heavy)
rCold   . . .        c - +0 buckler
rNeg    . . .        s - +4 scale mail
rPois   .            (helmet restricted)
rElec   .            o - +0 cloak
rCorr   .            (no gloves)
SInv    .            (no boots)
Will    .....        (no amulet)
Stlth   +            k - +3 ring of intelligence
HPRegen 0.34/turn    p - +3 ring of dexterity
MPRegen 0.14/turn

%: no teleportation
@: slowed, lightly drained, very slow
A: horns 2, retaliatory headbutt
a: Renounce Religion, Bend Time, Temporal Distortion, Slouch, Step From Time


You were in the Dungeon.
You worshipped Cheibriados.
Cheibriados was exalted by your worship.
You visited 1 branch

Inventory:

Hand Weapons
 b - a +2 mace of protection
 r - a +2 heavy war axe (weapon)
Armour
 c - a +0 buckler (worn)
 o - a +0 cloak (worn)
 s - a +4 scale mail (worn)
Jewellery
 k - a +3 ring of intelligence (left hand)
 p - a +3 ring of dexterity (right hand)
Scrolls
 j - a scroll of blinking
 m - 5 scrolls of amnesia
 n - a scroll of summoning
Potions
 d - a potion of might
 e - 9 potions of curing
 f - 14 potions of heal wounds
 g - a potion of haste
 h - 4 potions of magic
 i - 3 potions of berserk rage
 l - 2 potions of invisibility
 q - a potion of brilliance


   Skills:
 + Level 11.5 Fighting
 + Level 11.2 Axes
 + Level 11.5 Armour
 + Level 11.5 Shields
 + Level 9.1 Invocations


You had 8 spell levels left.
You didn't know any spells.
Your spell library was empty.

Dungeon Overview and Level Annotations

Branches:
Dungeon (1/1)

Altars:
Ashenzari
Cheibriados
Dithmenos
Elyvilon
Fedhas
Gozag
Hepliaklqana
Kikubaaqudgha
Makhleb
Nemelex Xobeh
Okawaru
Qazlal
Ru
Sif Muna
Trog
Uskayaw
Vehumet
Wu Jian
Xom
Yredelemnul
Zin
The Shining One
Jiyva
Lugonu


Innate Abilities, Weirdness & Mutations

You have a pair of horns on your head.
You reflexively headbutt those who attack you in melee.


Message History

You open the huge gate.
There is a huge open gate to the Metal Vault (Medium) here.
There is a huge open gate to the Metal Vault (Medium) here.
You open the large door.
A centaur, a freezing wraith and a vampire mage come into view.
The centaur shouts!
The centaur wields a +0 shortbow.
The centaur shoots an arrow.
The arrow hits you but does no damage.
Unknown command.
Unknown command.
Activating: Slouch (2% risk of failure)
Press: ? - help, Dir - look around, f - activate You can feel time thicken for a moment.
You kill the centaur!
Cheibriados thoroughly appreciates the change of pace.
You have reached level 9!
Your experience leads to an increase in your attributes!
Your base attributes are Str 20, Int 5, Dex 13.
Increase (S)trength, (I)ntelligence, or (D)exterity?
You feel agile. x2
The freezing wraith hits you. The freezing wraith freezes you!
The freezing wraith closely misses you.
The freezing wraith hits you but does no damage.
The freezing wraith hits you. The freezing wraith drains your vigour!
You feel yourself slow down.
There is a large open door, spattered with blood here.
You slice the freezing wraith!!
The freezing wraith is almost destroyed.
You slice the vampire mage!!
The vampire mage hits you but does no damage.
The vampire mage closely misses you. The freezing wraith hits you.
The freezing wraith freezes you!!
The freezing wraith hits you but does no damage.
The vampire mage casts a spell at you. The bolt of negative energy hits you!!
You feel drained.
* * * LOW HITPOINT WARNING * * *
The freezing wraith hits you!
* * * LOW HITPOINT WARNING * * *
The freezing wraith freezes you!
You die...

....'................+
#####......#..#......#
#).##................#
'..#####'#####''#####
#'###.......##''#####
...##.......##......#
...##.......##......#
#####...<...###....##
)..##.......# ##@'##
)..##.......# #WV..#
#####.......##...)..#
#..###########......+
#.############......#
#.#.)..#..[[###....##
#'#....#...[# ##++##
#.รท....'..))#
#)#....#..))#


You could see a vampire mage and a freezing wraith.

Vanquished Creatures
  A necromancer (D)
  A flayed ghost (D)
  A flying skull (D)
  A fire bat (D)
  2 black bears (D)
  3 wolves (D)
  2 centaurs (D)
  A scorpion (D)
  A bullfrog (D)
  A crimson imp (D)
  A gnoll (D)
  A river rat (D)
  A white imp (D)
  2 ufetubi (D)
  An orc (D)
  A bat zombie (D)
  2 hobgoblins (D)
  2 jackals (D)
  A quokka (D)
  A ball python (D)
  A frilled lizard (D)
  A rat (D)
29 creatures vanquished.

Notes
Turn   | Place    | Note
-------+----------+-------------------------------------------
     0 | D        | Groucho the Minotaur Fighter began the quest for the Orb.
     0 | D        | Reached XP level 1. HP: 19/19 MP: 0/0
    46 | D        | Found a bloodstained altar of Trog.
    46 | D        | Found a shimmering blue altar of Sif Muna.
    46 | D        | Found a viscous altar of Jiyva.
    46 | D        | Found a hazy altar of Hepliaklqana.
    46 | D        | Found an opulent altar of Gozag.
    47 | D        | Found a glowing golden altar of the Shining One.
    47 | D        | Found a glowing silver altar of Zin.
    47 | D        | Found a basalt altar of Yredelemnul.
    47 | D        | Found a shimmering altar of Xom.
    47 | D        | Found an ornate altar of the Wu Jian Council.
    47 | D        | Found a sacrificial altar of Ru.
    47 | D        | Found a stormy altar of Qazlal.
    47 | D        | Found an iron altar of Okawaru.
    47 | D        | Found a sparkling altar of Nemelex Xobeh.
    47 | D        | Found a burning altar of Makhleb.
    47 | D        | Found a blossoming altar of Fedhas.
    47 | D        | Found a white marble altar of Elyvilon.
    47 | D        | Found a shadowy altar of Dithmenos.
    47 | D        | Found a snail-covered altar of Cheibriados.
    49 | D        | Found a radiant altar of Vehumet.
    49 | D        | Found a corrupted altar of Lugonu.
    50 | D        | Found a hide-covered altar of Uskayaw.
    50 | D        | Found an ancient bone altar of Kikubaaqudgha.
    50 | D        | Found a broken altar of Ashenzari.
    60 | D        | Became a worshipper of Cheibriados the Contemplative
    76 | D        | Reached skill level 1 in Invocations
    81 | D        | Reached * piety under Cheibriados
    82 | D        | Reached XP level 2. HP: 24/27 MP: 0/2
    88 | D        | Noticed a scorpion
    91 | D        | Reached ** piety under Cheibriados
    96 | D        | Killed a scorpion
    97 | D        | Reached skill level 5 in Fighting
    97 | D        | Reached skill level 5 in Armour
    97 | D        | Reached skill level 5 in Shields
    97 | D        | Reached XP level 3. HP: 36/36 MP: 1/4
    97 | D        | Reached XP level 4. HP: 42/42 MP: 1/5
   569 | D        | Reached *** piety under Cheibriados
   571 | D        | Reached skill level 5 in Axes
   645 | D        | Noticed a bullfrog
   645 | D        | Noticed a centaur
   650 | D        | Killed a bullfrog
   650 | D        | Reached **** piety under Cheibriados
   651 | D        | Reached XP level 5. HP: 46/51 MP: 5/7
   683 | D        | Noticed a fire bat
   696 | D        | Killed a fire bat
   697 | D        | Reached skill level 5 in Invocations
   697 | D        | Reached XP level 6. HP: 52/61 MP: 7/9
   699 | D        | Reached ***** piety under Cheibriados
   722 | D        | Noticed a necromancer
   730 | D        | Killed a necromancer
   731 | D        | Reached XP level 7. HP: 38/71 MP: 9/11
  1138 | D        | Noticed a flying skull
  1141 | D        | Killed a flying skull
  1141 | D        | Reached ****** piety under Cheibriados
  1142 | D        | Reached skill level 10 in Fighting
  1142 | D        | Reached skill level 10 in Armour
  1142 | D        | Reached skill level 10 in Shields
  1142 | D        | Reached XP level 8. HP: 75/79 MP: 12/12
  1147 | D        | Reached skill level 10 in Axes
  1160 | D        | Noticed a flayed ghost
  1172 | D        | HP: 3/80 [wolf (9)]
  1173 | D        | Killed a flayed ghost
  1524 | D        | Noticed a freezing wraith
  1524 | D        | Noticed a vampire mage
  1526 | D        | Reached XP level 9. HP: 89/89 MP: 8/14
  1527 | D        | Slain by a freezing wraith

Illustrated notes

Levels and vault maps discovered:
D:        pitsprint [storerooms_1, entrance_room_1, metal_vault_2, armoury_1,
          mini_pit_1, grid_room_1, main_hall_1, silver_pit, the_coven_1,
          the_vestibule_1, steel_vault_5, golden_pit, hallway_of_sentries,
          crystal_vault_2, iron_vault_5, final_vault]

Skill      XL: |  1  2  3  4  5  6  7  8 |
---------------+-------------------------+-----
Fighting       | 4 5 6 7 9 10 11 | 11.5
Axes           | 3 4 5 7 9 11 | 11.2
Armour         | 4 5 6 7 9 10 11 | 11.5
Shields        | 4 5 6 7 9 10 11 | 11.5
Invocations    | 1 3 4 5 7 9 |  9.1

Action                     |  1- 3 |  4- 6 |  7- 9 || total
---------------------------+-------+-------+-------++-------
  Melee: Hand axe          |    15 |    32 |    15 ||    62
         War axe           |     3 |       |     1 ||     4
         Headbutt          |     3 |     5 |     3 ||    11
 Invoke: Slouch            |       |       |     4 ||     4
    Use: Potion            |       |     1 |     1 ||     2
 Armour: Scale mail        |    11 |    20 |    14 ||    45
  Dodge: Dodged            |    10 |    29 |    17 ||    56
  Block: Buckler           |     5 |    20 |    10 ||    35
